 Dungeon Crawl Stone Soup version 0.28.0-53-g5a82cb258f (webtiles) character file.

Game seed: 3541203676857887832

56 Plasmagod the Covered (level 3, -5/33 HPs)
             Began as a Minotaur Fighter on July 18, 2022.
             Slain by a sky beast (6 damage)
             ... on level 3 of the Dungeon.
             The game lasted 00:01:57 (1406 turns).

Plasmagod the Covered (Minotaur Fighter)            Turns: 1406, Time: 00:01:57

Health: -5/33      AC:  9    Str: 26    XL:     3   Next: 71%
Magic:  2/2        EV:  8    Int:  5    God:
Gold:   152        SH:  4    Dex: 11    Spells: 2/2 levels left

rFire   . . .      SeeInvis .   a - +0 war axe
rCold   . . .      Faith    .   c - +0 buckler
rNeg    . . .      Spirit   .   j - +0 chain mail
rPois   .          Reflect  .   (helmet restricted)
rElec   .          Harm     .   (no cloak)
rCorr   .          Rampage  .   (no gloves)
Will    .....                   (no boots)
Stlth   ..........              (no amulet)
HPRegen 0.11/turn               g - +6 ring of strength
MPRegen 0.08/turn               (no ring)

@: no status effects
A: horns 2, retaliatory headbutt
a: no special abilities


You were on level 3 of the Dungeon.
You visited 1 branch of the dungeon, and saw 3 of its levels.

You collected 152 gold pieces.

Inventory:

Hand Weapons
 a - a +0 war axe (weapon)
Armour
 c - a +0 buckler (worn)
 j - a +0 chain mail (worn)
Jewellery
 g - a +6 ring of strength (left hand)
Scrolls
 b - a scroll of fog {unknown}
 e - 3 scrolls of teleportation {unknown}
 f - a scroll of immolation {unknown}
 h - 2 scrolls of brand weapon {unknown}
 i - a scroll of vulnerability {unknown}
Potions
 d - a potion of might
 k - 2 potions of lignification {unknown}


   Skills:
 + Level 4.1 Fighting
 + Level 3.5 Axes
 + Level 4.3 Armour
 + Level 0.2 Dodging
 + Level 3.9 Shields


You had 2 spell levels left.
You didn't know any spells.
Your spell library was empty.

Dungeon Overview and Level Annotations

Branches:
Dungeon (3/15)

Altars:


Innate Abilities, Weirdness & Mutations

You have a pair of horns on your head.
You reflexively headbutt those who attack you in melee.


Message History

You climb downwards.
There is a stone staircase leading up here.
A sky beast comes into view.
Found a stone staircase leading down.
You barely miss the sky beast.
The sky beast hits you but does no damage.
You closely miss the sky beast.
The sky beast flickers out of sight!
Deactivating autopickup; reactivate with Ctrl-A.
Something hits you. Something shocks you.
No target in view!
A sky beast appears from thin air!
Reactivating autopickup.
The sky beast closely misses you.
You barely miss the sky beast. Your headbutt misses the sky beast.
The sky beast hits you but does no damage.
The sky beast barely misses you.
You slash the sky beast! You headbutt the sky beast.
The sky beast is heavily wounded.
The sky beast closely misses you.
You hit the sky beast.
The sky beast is severely wounded.
The sky beast hits you. The sky beast shocks you.
You closely miss the sky beast.
The sky beast is severely wounded.
The sky beast flickers out of sight!
Deactivating autopickup; reactivate with Ctrl-A.
You block something's attack. Something hits you but does no damage.
You barely miss something. Something hits you. Something shocks you.
You miss something. Something hits you. Something shocks you.
* * * LOW HITPOINT WARNING * * *
Something hits you but does no damage.
You barely miss something. Your headbutt misses something.
You block something's attack.
You closely miss something. Your headbutt misses something.
Something hits you but does no damage.
You hit something but do no damage. Your headbutt misses something.
Something hits you but does no damage. Something hits you.
* * * LOW HITPOINT WARNING * * *
Something shocks you.
You die...

#.##.####.# ... #
#.........#
....####.#.##.######
..................#
......##.#.....####
.........###.#.#
........# #.#.#
........####.#.#
......?.{@...#.#
........######.#
...............#
........########
......#.# .....##.#
..... #.# ...# #.#
>.. ..#


There were no monsters in sight!

Vanquished Creatures
  An adder (D:2)
  A dart slug (D:2)
  3 bats (D:1)
  4 endoplasms
  5 giant cockroaches
  6 goblins
  5 hobgoblins
  3 kobolds (D:1)
  3 ball pythons
  6 frilled lizards
  4 rats
41 creatures vanquished.

Vanquished Creatures (others)
  A plant (D:2)
1 creature vanquished.

Grand Total: 42 creatures vanquished

Notes
Turn   | Place    | Note
-------+----------+-------------------------------------------
     0 | D:1      | Plasmagod the Minotaur Fighter began the quest for the Orb.
     0 | D:1      | Reached XP level 1. HP: 19/19 MP: 0/0
    86 | D:1      | Reached XP level 2. HP: 27/27 MP: 1/1
   761 | D:2      | Reached XP level 3. HP: 33/33 MP: 2/2
  1391 | D:3      | Noticed a sky beast
  1406 | D:3      | HP: 1/33 [something (3)]
  1406 | D:3      | Slain by a sky beast

Illustrated notes

Levels and vault maps discovered:
D:1:      doesnt_arrival_eight_statues, layout_basic,
          dreamdust_ecumenical_altar_hidden_monk_grotto, kennysheep_small_spiral
D:2:      layout_loops_ring, corexii_hall_statues_x, corexii_shack,
          minmay_circle_x
D:3:      layout_basic

Skill      XL: |  1  2  3 |
---------------+----------+-----
Armour         | 4 |  4.3
Fighting       | 4 |  4.1
Axes           | 3 |  3.5
Dodging        | |  0.2
Shields        | |  3.9

Action                   || total
-------------------------++-------
Melee: War axe           ||    72
       Headbutt          ||    12
Armor: Scale mail        ||    33
       Chain mail        ||     8
Dodge: Dodged            ||    30
Block: Buckler           ||    19
